 Dungeon Crawl Stone Soup version 0.32-a0-163-g159c032296 (webtiles) character file.

Game seed: 12546727413212560348

13416 sasquatch the Slicer (level 12, -5/77 HPs)
             Began as a Kobold Brigand on Feb 12, 2024.
             Was a Priest of Wu Jian.
             Slain by a yak (13 damage)
             ... on level 2 of the Lair of Beasts.
             The game lasted 00:29:34 (11091 turns).

sasquatch the Slicer (Kobold Brigand)              Turns: 11091, Time: 00:29:35

Health: -5/77      AC:  9    Str:  8    XL:     12   Next: 32%
Magic:  7/18       EV: 19    Int: 25    God:    Wu Jian [***...]
Gold:   649        SH:  0    Dex: 24    Spells: 16/19 levels left

rFire   . . .        b - +5 short sword
rCold   . . .        (no shield)
rNeg    . . .        r - +3 ring mail "Cilair" {rElec Dex+3}
rPois   .            (no helmet)
rElec   +            c - +0 cloak
rCorr   .            (no gloves)
SInv    .            (no boots)
Will    .....        I - amulet of the acrobat
Stlth   +++++        g - +6 ring of intelligence
HPRegen 0.32/turn    D - +6 ring of intelligence
MPRegen 0.16/turn

%: acrobat
@: confusing by touch
A: small, no large weapons, nightstalker 3
a: Renounce Religion, Wall Jump, Serpent's Lash


You were on level 2 of the Lair of Beasts.
You worshipped Wu Jian.
Wu Jian was most pleased with you.
You visited 3 branches of the dungeon, and saw 13 of its levels.
You also visited: Sewer.

You collected 649 gold pieces.

Inventory:

Hand Weapons
 a - a +1 short sword of venom
 b - a +5 short sword (weapon)
 y - a +3 long sword of flaming
 G - a +2 dagger
Missiles
 d - 34 poisoned darts (quivered)
 k - a curare-tipped dart
Armour
 c - a +0 cloak (worn)
 r - the +3 ring mail "Cilair" (worn) {rElec Dex+3}
   (You found it on level 2 of the Dungeon)

   Dex+3:     It affects your dexterity (+3).
   rElec:     It insulates you from electricity.
 A - +0 acid dragon scales
Jewellery
 g - a +6 ring of intelligence (left hand)
 j - an amulet of guardian spirit
 B - an amulet of magic regeneration
 D - a +6 ring of intelligence (right hand)
 I - an amulet of the acrobat (around neck)
Wands
 e - a wand of iceblast (3)
 f - a wand of quicksilver (8)
 v - a wand of mindburst (1)
 x - a wand of polymorph (12)
 F - a wand of flame (22)
Scrolls
 h - a scroll of poison
 m - 2 scrolls of immolation {unknown}
 n - a scroll of revelation {unknown}
 o - 2 scrolls of vulnerability {unknown}
 q - 5 scrolls of enchant armour
 t - 2 scrolls of fear {unknown}
 u - 2 scrolls of silence {unknown}
 w - 2 scrolls of noise
Potions
 i - a potion of resistance
 l - a potion of attraction {unknown}
 p - 5 potions of enlightenment
 s - 5 potions of brilliance
 z - a potion of curing
 C - a potion of might {unknown}
 E - a potion of cancellation {unknown}
Miscellaneous
 H - a box of beasts


   Skills:
 - Level 10.0 Fighting
 - Level 12.0 Short Blades
 - Level 6.0 Throwing
 - Level 10.0 Dodging
 - Level 10.0 Stealth
 - Level 4.0 Spellcasting
 + Level 7.8 Hexes


You had 16 spell levels left.
You knew the following spells:

 Your Spells              Type           Power      Damage    Failure   Level
a - Confusing Touch       Hex            44%        N/A       3%          3

Your spell library contained the following spells:

 Spells                   Type           Power      Damage    Failure   Level
 Kiss of Death            Conj/Necr      20%        2d7       28%         1
 Magic Dart               Conj           20%        1d4       28%         1
 Lesser Beckoning         Tloc           10%        N/A       38%         2
 Searing Ray              Conj           10%        2d4       38%         2
 Gell's Gravitas          Tloc           5%         N/A       63%         3
 Teleport Other           Tloc           5%         N/A       63%         3
 Dispel Undead            Necr           5%         3d7       95%         4
 Fulminant Prism          Conj/Alch      2%         3d5       95%         4
 Alistair's Intoxication  Alch           3%         N/A       100%        5
 Borgnjor's Vile Clutch   Necr/Erth      2%         N/A       100%        5
 Eringya's Noxious Bog    Alch           2%         4d6       100%        6


Dungeon Overview and Level Annotations

Branches:
Dungeon (10/15)            Temple (1/1) D:4            Lair (2/5) D:9
  Sewer (visited)
  Swamp: Lair:2-3    Shoals: Lair:2-3     Snake: Lair:2-3    Spider: Lair:2-3
    Orc: D:9-12

Altars:
Ashenzari
Cheibriados
Dithmenos
Elyvilon
Fedhas
Gozag
Hepliaklqana
Kikubaaqudgha
Makhleb
Nemelex Xobeh
Okawaru
Qazlal
Ru
Sif Muna
Trog
Uskayaw
Vehumet
Wu Jian
Xom
Yredelemnul
Zin
The Shining One

Shops:
D:3 =


Innate Abilities, Weirdness & Mutations

You are small and have problems with some larger weapons.
You are completely attuned to the shadows.


Message History

The yak is severely wounded.
You puncture the yak!
The yak is almost dead.
The yak gores itself!
The yak is killed!
The Council accepts your kill. The yak closely misses you.
The yak gores you but does no damage.
You hit the yak.
The yak is severely wounded.
You hit the yak but do no damage.
The yak is severely wounded.
The yak misses you. x2; The yak gores you!
You hit the yak.
The yak is severely wounded.
Casting: Confusing Touch (dangerous; 3% risk of failure)
Confirm with . or Enter, or press ? or * to list all spells.
Your hands begin to glow red.
The yak completely misses you. The yak closely misses you.
The yak completely misses you.
You barely miss the yak. The yak gores you. x3
You hit the yak but do no damage.
The yak appears confused.
You catch the helpless yak completely off-guard!
You impale the yak!!
The yak is almost dead.
The yak gores you but does no damage. The yak barely misses you.
You hit the yak.
The yak is almost dead.
You hit the yak but do no damage.
The yak is almost dead.
The yak gores you!
* * * LOW HITPOINT WARNING * * *
The yak barely misses you.
The yak barely misses the yak.
You hit the yak. You punch the yak.
You kill the yak!
The Council accepts your kill.
Casting: Confusing Touch (dangerous; 3% risk of failure)
Confirm with . or Enter, or press ? or * to list all spells.
Your hands begin to glow red.
The yak gores you!
* * * LOW HITPOINT WARNING * * *
The yak gores you!
You die...

.. #####.# #.....
...##.#.#.###P.(..#
.......)............
.....................
............YYY.......
.......####.#@#.....#
#....## #####Y†...#
#....# #Y....#
##....## #.......
..........# #...§...>
...##.....# #......##
...#......# #.......
...##....##
...#P.....##


You could see 3 yaks.

Vanquished Creatures
  Erolcha (D:9)
  A catoblepas (Lair:1)
  2 two-headed ogres (D:9)
  Maurice (D:7)
  An elephant (D:9)
  4 cane toads (Lair:1)
  Maggie (D:7)
  2 komodo dragons
  Grinder (D:3)
  A hornet (D:9)
  Sigmund (D:4)
  Eustachio (D:5)
  A wraith (D:9)
  25 yaks
  A steam dragon (D:9)
  4 water moccasins
  An orc warrior (D:8)
  2 black bears (D:9)
  An ogre (D:6)
  2 ice beasts (D:7)
  2 centaurs
  A phantom (D:4)
  2 gnoll sergeants
  8 bullfrogs
  2 kobold brigands (Sewer)
  2 scorpions
  12 wights
  8 killer bees
  4 howler monkeys
  A bombardier beetle (D:5)
  Crazy Yiuf (D:3)
  A jelly (D:8)
  A gnoll bouda (D:7)
  An orc priest (D:8)
  2 hounds
  Jessica (D:3)
  Ijyb (D:5)
  2 iguanas (D:6)
  3 orc wizards
  11 gnolls
  9 adders
  2 river rats (Sewer)
  2 shadow imps
  2 white imps (D:7)
  4 ufetubi
  A dart slug (D:2)
  3 ribbon worms
  8 orcs
  3 ball pythons
  4 endoplasms
  2 giant cockroaches
  4 goblins
  4 hobgoblins
  5 jackals
  3 quokkas
  8 bats
  A frilled lizard (D:3)
  12 kobolds
  21 rats
218 creatures vanquished.

Notes
Turn   | Place    | Note
-------+----------+-------------------------------------------
     0 | D:1      | sasquatch the Kobold Brigand began the quest for the Orb.
     0 | D:1      | Reached XP level 1. HP: 12/12 MP: 1/1
   254 | D:1      | Reached skill level 3 in Short Blades
   254 | D:1      | Reached XP level 2. HP: 17/17 MP: 2/2
   757 | D:2      | Reached XP level 3. HP: 22/22 MP: 3/3
   847 | D:2      | Identified the +3 ring mail "Cilair" {rElec Dex+3}
  1062 | D:2      | Reached XP level 4. HP: 25/27 MP: 4/4
  1083 | D:2      | Reached skill level 4 in Short Blades
  1262 | D:3      | Noticed Grinder
  1368 | D:3      | Found a runed translucent door.
  1371 | D:3      | Noticed Crazy Yiuf
  1462 | D:3      | Found a blossoming altar of Fedhas.
  1477 | D:3      | Found a shimmering blue altar of Sif Muna.
  1673 | D:3      | Found a glowing drain.
  1695 | Sewer    | Entered a sewer
  1709 | Sewer    | Reached XP level 5. HP: 32/32 MP: 5/5
  1781 | Sewer    | Noticed a kobold brigand
  1835 | Sewer    | Killed a kobold brigand
  1909 | Sewer    | Noticed a kobold brigand
  2069 | Sewer    | Killed a kobold brigand
  2070 | Sewer    | Reached skill level 5 in Short Blades
  2070 | Sewer    | Reached XP level 6. HP: 37/37 MP: 6/6
  2114 | Sewer    | Found a white marble altar of Elyvilon.
  2353 | D:3      | Found Baenugow's Jewellery Boutique.
  2455 | D:3      | Noticed Jessica
  2466 | D:3      | Killed Jessica
  2695 | D:4      | Reached XP level 7. HP: 32/41 MP: 7/7
  2761 | D:4      | You fall into a shaft and drop 2 floors!
  2803 | D:6      | Reached skill level 6 in Short Blades
  2940 | D:5      | Entered Level 5 of the Dungeon
  3331 | D:4      | Found a glowing silver altar of Zin.
  3422 | D:4      | Noticed Sigmund
  3424 | D:4      | Killed Sigmund
  3425 | D:4      | Reached XP level 8. HP: 48/48 MP: 8/8
  3563 | D:4      | Reached skill level 7 in Short Blades
  3632 | D:4      | Found a shadowy altar of Dithmenos.
  3633 | D:4      | Found an ancient bone altar of Kikubaaqudgha.
  3633 | D:4      | Found a glowing golden altar of the Shining One.
  3680 | D:4      | Found a bloodstained altar of Trog.
  3696 | D:4      | Found a staircase to the Ecumenical Temple.
  3702 | Temple   | Entered the Ecumenical Temple
  3718 | Temple   | Became a worshipper of the Wu Jian Council
  4089 | D:5      | Noticed Eustachio
  4091 | D:5      | Killed Eustachio
  4139 | D:5      | Noticed Ijyb
  4142 | D:5      | Killed Ijyb
  4231 | D:5      | Reached skill level 8 in Short Blades
  4231 | D:5      | Reached skill level 5 in Dodging
  4691 | D:6      | Reached skill level 9 in Short Blades
  4867 | D:6      | Reached XP level 9. HP: 52/52 MP: 9/9
  5064 | D:7      | Noticed Maurice
  5118 | D:7      | Reached * piety under Wu Jian
  5285 | D:7      | Reached skill level 10 in Short Blades
  5624 | D:7      | Noticed Maggie
  5627 | D:7      | Killed Maggie
  5628 | D:7      | Reached skill level 10 in Stealth
  6229 | D:7      | Maurice stole a +1 short sword of speed
  6240 | D:7      | Something stole an amulet of magic regeneration
  6251 | D:7      | Something stole 357 gold
  6311 | D:7      | Killed Maurice
  6312 | D:7      | Reached skill level 5 in Fighting
  6312 | D:7      | Reached XP level 10. HP: 40/59 MP: 2/10
  6718 | D:8      | Reached skill level 11 in Short Blades
  7186 | D:8      | Reached ** piety under Wu Jian
  7515 | D:8      | Learned a level 3 spell: Confusing Touch
  7962 | D:3      | Killed Crazy Yiuf
  7996 | D:3      | Killed Grinder
  8207 | D:9      | Reached skill level 1 in Hexes
  8240 | D:9      | Found a radiant altar of Vehumet.
  8354 | D:9      | Reached skill level 10 in Dodging
  8442 | D:9      | Found a shimmering altar of Xom.
  8468 | D:9      | Noticed Erolcha
  8471 | D:9      | Killed Erolcha
  8472 | D:9      | Reached skill level 12 in Short Blades
  8472 | D:9      | Reached XP level 11. HP: 67/67 MP: 11/11
  8540 | D:9      | Noticed a two-headed ogre
  8558 | D:9      | Killed a two-headed ogre
  8734 | D:9      | Noticed an elephant
  8735 | D:9      | Found a staircase to the Lair.
  8737 | D:9      | Killed an elephant
  8738 | D:9      | Reached skill level 5 in Hexes
  9233 | D:9      | Noticed a two-headed ogre
  9247 | D:9      | Killed a two-headed ogre
  9401 | D:9      | Reached skill level 10 in Fighting
  9446 | D:8      | HP: 3/72 [yak (7)]
  9452 | D:8      | Reached skill level 1 in Spellcasting
  9715 | D:10     | Entered Level 10 of the Dungeon
  9785 | Lair:1   | Entered Level 1 of the Lair of Beasts
  9798 | Lair:1   | Noticed a catoblepas
  9802 | Lair:1   | Killed a catoblepas
  9835 | Lair:1   | Reached *** piety under Wu Jian
  9937 | D:9      | Reached skill level 5 in Throwing
  9981 | Lair:1   | Reached XP level 12. HP: 55/77 MP: 11/15
 10479 | Lair:1   | Identified the +1 helmet "Zeishroro" {+Inv rN+ Regen+}
 11091 | Lair:2   | Slain by a yak

Illustrated notes

Levels and vault maps discovered:
D:1:      evilmike_arrival_hilbert_curve, layout_loops_ring
D:2:      layout_basic, minmay_rat_hole
D:3:      layout_loops_cross, jmf_multi_god_temple2, serial_shops, shop,
          cheibrodos_sewer_entry_bend, uniq_jessica, uniq_grinder,
          uniq_crazy_yiuf_cottage
D:4:      layout_basic, nicolae_overflow_quartered_altars,
          mainiacjoe_overflow_cross_hatched, minmay_temple_entry_poolview,
          uniq_sigmund
D:5:      layout_basic, uniq_ijyb, uniq_eustachio
D:6:      layout_rooms
D:7:      layout_gridville, grunt_ministairs_8, uniq_maurice, uniq_maggie
D:8:      layout_layer_cave
D:9:      layout_gridville, marbit_many_paths, amcnicky_altar_gilded,
          david_lair_generic, uniq_erolcha
D:10:     layout_stronghold, hangedman_abyss_or_decor_jellyfish_corner,
          disabler_island, uniq_lodul
Temple:   compressed_dpeg_triangle_lava_temple
Lair:1:   layout_regular_city
Lair:2:   beast_lair_carwin_large_4, layout_regular_city,
          elwin_shoals_entry_stream, spider_nest_entry_a, basic_altar

Skill      XL: |  1  2  3  4  5  6  7  8  9 10 11 12 |
---------------+-------------------------------------+-----
Short Blades   | 3 4 5 6 9 10 12 | 12.0
Dodging        | 2 3 4 5 8 10 | 10.0
Throwing       | 3 4 5 6 |  6.0
Stealth        | 6 7 8 10 | 10.0
Fighting       | 3 4 5 7 10 | 10.0
Hexes          | 3 6 7 |  7.8
Spellcasting   | 2 4 |  4.0

Action                     |  1- 3 |  4- 6 |  7- 9 | 10-12 || total
---------------------------+-------+-------+-------+-------++-------
  Melee: Dagger            |    67 |   134 |    96 |    13 ||   310
         Punch             |     2 |     1 |     7 |    10 ||    20
         Short sword       |       |    35 |   311 |   425 ||   771
         Long sword        |       |       |     2 |       ||     2
  Throw: Dart              |       |     5 |    11 |    11 ||    27
   Cast: Confusing Touch   |       |       |       |     5 ||     5
 Invoke: Serpent's Lash    |       |       |       |     1 ||     1
Ability: Lunge             |       |       |    24 |    30 ||    54
         Whirlwind         |       |       |       |    15 ||    15
  Evoke: Wand              |       |       |    13 |     2 ||    15
    Use: Scroll            |       |     3 |     7 |     2 ||    12
         Potion            |       |       |    10 |     2 ||    12
   Stab: Sleeping          |    11 |    10 |    23 |    28 ||    72
         Distracted        |       |     1 |     1 |     3 ||     5
         Invisible         |       |       |     3 |       ||     3
         Confused          |       |       |       |     3 ||     3
 Armour: Robe              |    12 |       |       |       ||    12
         Ring mail         |     7 |    65 |   122 |   112 ||   306
  Dodge: Dodged            |    25 |    67 |   169 |   204 ||   465

Table legend: (Time is in decaauts)
 A = Elapsed time spent in this place.
 B = Non-inter-level travel time spent in this place.
 C = Inter-level travel time spent in this place.
 D = Time resting spent in this place.
 E = Time spent auto-exploring this place.
 F = Levels seen in this place.
 G = Mean time per level.
                   A        B        C        D        E       F      G
               +--------+--------+--------+--------+--------+-----+--------+
         Total |  10701 |  10134 |    567 |    374 |   7678 |  14 |  764.4 |
       Dungeon |   8969 |   8438 |    531 |    302 |   6446 |  10 |  896.9 |
        Temple |     32 |      2 |     30 |      0 |      0 |   1 |   32.0 |
          Lair |   1171 |   1166 |      5 |      0 |    969 |   2 |  585.5 |
         Sewer |    527 |    527 |      0 |     72 |    263 |   1 |  527.0 |
               +--------+--------+--------+--------+--------+-----+--------+

Top non-repeatable levels by time:
     D:8: 1724 daAuts
     D:7: 1466 daAuts
     D:9: 1167 daAuts
  Lair:1: 1078 daAuts
     D:3: 1022 daAuts
     D:4: 856 daAuts
     D:5: 767 daAuts
     D:2: 656 daAuts
     D:6: 635 daAuts
     D:1: 619 daAuts
   Sewer: 527 daAuts
  Lair:2: 93 daAuts
    D:10: 53 daAuts
  Temple: 32 daAuts
